cohdb
Replays
Latest Replays
All Replays
Popular Replays
Top Player Replays
Match Explorer
How It Works
Community
CoH3 Stats
Reddit
Sign in to upload your games and track your stats! →
Sign in with Steam
Match 41755182
Unlisted
Match 41755182
Overview
Messages
Build Orders
End
Construct Barracks
Riflemen Squad
M1 Mortar Team
Riflemen Squad
Air Support Center
Riflemen Squad
Construct Medical Station
Grasshopper Recon Run
P-47 Strafing Run
Grenade Package
Construct Motor Pool
Grasshopper Recon Run
P-47 Strafing Run
M8 Greyhound Armored Car
Construct Weapon Support Center
M1 Anti-tank Gun Team
Grasshopper Recon Run
Selects Special Operations Battlegroup
Selects M29 Weasel Recon Vehicle
Selects P-47 Anti-Infantry Loiter
Selects UNKNOWN (2162291)
P-47 Anti-Infantry Loiter
P-47 Anti-Infantry Loiter
Engineer Squad
Grasshopper Recon Run
Ares
tadeosotomayor9
Miško
catareck
wila
LittleFatty233
起舞
滑落的照片让我变沉默
0
0
Comments
sign in to comment!
No comments posted yet!